[ AOE2 MATCH · #505646503 ]
UnrankedAztecs vs Burmese
Player's team · WIN
Rival team · LOSS
[ REPLAY ANALYSIS · EXTRACTED FROM THE RECORDED GAME ]
Feudal
10:41
Castle
20:43
Imperial
—
| APM avg | 63.3 |
| APM peak | 83 |
| eAPM avg | 26.5 |
| Villagers / military | 47 / 27 |
Focus
⚔️ 43.8% · 🌾 56.2%
Archer ×12 · Eagle Scout ×8 · Militia ×5 · Spearman ×2
Feudal
8:52
Castle
—
Imperial
—
| APM avg | 83.2 |
| APM peak | 120 |
| eAPM avg | 35.2 |
| Villagers / military | 45 / 21 |
Focus
⚔️ 44.4% · 🌾 55.6%
Archer ×10 · Skirmisher ×9 · Scout Cavalry ×2
Match map
Initial resources + every placement click. Lines = walls · curves = elevation contours. ◆ gold · ⬟ stone · ● berries · ✦ relic · ◌ wall gap
Your base· ✓ Closed at 20:43 · 37t walls · no gate
多么痛的领悟's base· Open — opponent sealed themselves in
Smoothed initial terrain · ◌ = detected wall gap · hover for details
Inputs per minute
— lame dog - - 多么痛的领悟
Build order — lame dog
134 actions detected in the replay
| 0:01 | Queue | Villager (Male) |
| 0:01 | Queue | Villager (Male) |
| 0:02 | Queue | Villager (Male) |
| 0:02 | Queue | Villager (Male) |
| 0:02 | Build | House |
| 0:03 | Build | House |
| 1:17 | Queue | Villager (Male) |
| 1:18 | Queue | Villager (Male) |
| 2:02 | Build | Lumber Camp |
| 2:03 | Queue | Villager (Male) |
| 2:34 | Queue | Villager (Male) |
| 2:34 | Queue | Villager (Male) |
| 2:34 | Queue | Villager (Male) |
| 2:59 | Queue | Villager (Male) |
| 2:59 | Queue | Villager (Male) |
| 3:20 | Queue | Villager (Male) |
| 3:47 | Queue | Villager (Male) |
| 3:47 | Queue | Villager (Male) |
| 3:54 | Build | House |
| 4:12 | Queue | Villager (Male) |
| 4:13 | Queue | Villager (Male) |
| 4:35 | Build | Barracks |
| 5:00 | Queue | Villager (Male) |
| 5:02 | Build | House |
| 5:23 | Queue | Villager (Male) |
| 5:28 | Queue | Militia |
| 5:29 | Queue | Militia |
| 5:31 | Queue | Militia |
| 5:33 | Build | Palisade Wall |
| 5:45 | Queue | Villager (Male) |
| 5:55 | Queue | Villager (Male) |
| 6:15 | Build | House |
| 6:17 | Build | Mill |
| 6:36 | Queue | Villager (Male) |
| 6:52 | Queue | Villager (Male) |
| 7:15 | Queue | Villager (Male) |
| 7:15 | Queue | Villager (Male) |
| 7:16 | Research | Loom |
| 7:27 | Build | Mill |
| 8:31 | Research | Feudal Age |
| 8:45 | Build | Mining Camp |
| 9:33 | Queue | Militia |
| 9:33 | Queue | Militia |
| 9:41 | Queue | Villager (Male) |
| 9:46 | Build | House |
| 9:53 | Build | Palisade Wall |
| 9:53 | Build | Palisade Wall |
| 10:05 | Build | Farm |
| 10:41 | Age | Feudal Age |
| 10:44 | Research | Man-at-Arms (upgrade) |
| 10:45 | Queue | Villager (Male) |
| 10:49 | Build | Archery Range |
| 11:11 | Queue | Villager (Male) |
| 11:16 | Build | House |
| 11:17 | Build | Palisade Wall |
| 11:29 | Build | House |
| 11:30 | Build | Palisade Wall |
| 11:34 | Queue | Villager (Male) |
| 11:36 | Build | Farm |
| 11:38 | Queue | Spearman |
| 11:41 | Build | Farm |
| 11:55 | Queue | Archer |
| 11:55 | Queue | Archer |
| 12:08 | Queue | Villager (Male) |
| 12:12 | Build | Farm |
| 12:29 | Build | House |
| 12:31 | Build | Palisade Wall |
| 12:41 | Queue | Villager (Male) |
| 12:57 | Queue | Spearman |
| 13:08 | Queue | Archer |
| 13:13 | Build | House |
| 13:14 | Build | Palisade Wall |
| 13:24 | Queue | Villager (Male) |
| 13:27 | Build | Farm |
| 13:28 | Build | Farm |
| 13:41 | Queue | Villager (Male) |
| 13:45 | Build | Farm |
| 13:52 | Queue | Eagle Scout |
| 13:57 | Queue | Villager (Male) |
| 13:59 | Queue | Archer |
| 14:03 | Build | Farm |
| 14:05 | Build | Farm |
| 14:16 | Queue | Archer |
| 14:24 | Queue | Villager (Male) |
| 14:38 | Queue | Villager (Male) |
| 14:41 | Queue | Archer |
| 14:43 | Build | Farm |
| 14:44 | Build | Farm |
| 15:03 | Queue | Villager (Male) |
| 15:06 | Build | Farm |
| 15:17 | Queue | Villager (Male) |
| 15:25 | Queue | Villager (Male) |
| 15:27 | Build | Farm |
| 15:30 | Build | House |
| 15:38 | Build | Palisade Wall |
| 15:42 | Queue | Eagle Scout |
| 15:47 | Build | Farm |
| 16:11 | Build | Farm |
| 16:20 | Queue | Villager (Male) |
| 16:33 | Build | Blacksmith |
| 16:39 | Queue | Archer |
| 16:52 | Queue | Villager (Male) |
| 17:07 | Queue | Villager (Male) |
| 17:10 | Queue | Archer |
| 17:32 | Build | Lumber Camp |
| 17:53 | Build | Mining Camp |
| 18:03 | Research | Castle Age |
| 18:04 | Research | Castle Age |
| 18:12 | Build | Palisade Wall |
| 18:29 | Research | Fletching |
| 18:31 | Build | House |
| 18:42 | Queue | Eagle Scout |
| 18:44 | Queue | Villager (Male) |
| 18:49 | Build | House |
| 18:59 | Research | Gold Mining |
| 19:03 | Queue | Archer |
| 19:13 | Research | Scale Mail Armor |
| 19:26 | Queue | Archer |
| 19:31 | Queue | Eagle Scout |
| 19:33 | Queue | Villager (Male) |
| 19:41 | Queue | Eagle Scout |
| 19:49 | Build | Palisade Wall |
| 20:02 | Queue | Archer |
| 20:09 | Queue | Eagle Scout |
| 20:28 | Queue | Villager (Male) |
| 20:43 | Age | Castle Age |
| 20:50 | Research | Crossbowman (upgrade) |
| 20:55 | Research | Bodkin Arrow |
| 20:58 | Queue | Villager (Male) |
| 20:59 | Queue | Villager (Male) |
| 21:13 | Build | Town Center |
| 21:22 | Queue | Eagle Scout |
| 21:22 | Queue | Eagle Scout |
| 21:23 | Queue | Archer |
Build order — 多么痛的领悟
137 actions detected in the replay
| 0:00 | Queue | Villager (Male) |
| 0:00 | Queue | Villager (Male) |
| 0:01 | Queue | Villager (Male) |
| 0:02 | Build | House |
| 0:03 | Build | House |
| 0:06 | Queue | Villager (Male) |
| 1:22 | Queue | Villager (Male) |
| 1:48 | Build | Lumber Camp |
| 1:59 | Queue | Villager (Male) |
| 2:15 | Queue | Villager (Male) |
| 2:15 | Queue | Villager (Male) |
| 2:38 | Queue | Villager (Male) |
| 2:38 | Queue | Villager (Male) |
| 2:48 | Build | House |
| 3:09 | Queue | Villager (Male) |
| 3:09 | Queue | Villager (Male) |
| 3:45 | Queue | Villager (Male) |
| 3:46 | Queue | Villager (Male) |
| 4:08 | Queue | Villager (Male) |
| 4:31 | Queue | Villager (Male) |
| 4:39 | Build | Mill |
| 4:58 | Queue | Villager (Male) |
| 5:24 | Queue | Villager (Male) |
| 5:45 | Queue | Villager (Male) |
| 6:05 | Research | Loom |
| 6:42 | Research | Feudal Age |
| 6:42 | Research | Feudal Age |
| 7:12 | Build | Palisade Wall |
| 7:14 | Build | Palisade Wall |
| 7:15 | Build | Palisade Wall |
| 7:16 | Build | Palisade Wall |
| 7:18 | Build | Palisade Wall |
| 7:20 | Build | Palisade Wall |
| 7:33 | Queue | Villager (Male) |
| 8:10 | Build | Barracks |
| 8:12 | Build | Barracks |
| 8:40 | Build | House |
| 8:52 | Age | Feudal Age |
| 8:56 | Queue | Villager (Male) |
| 9:09 | Queue | Villager (Male) |
| 9:26 | Build | Stable |
| 9:29 | Queue | Villager (Male) |
| 10:00 | Queue | Villager (Male) |
| 10:07 | Queue | Scout Cavalry |
| 10:11 | Build | House |
| 10:15 | Queue | Villager (Male) |
| 10:25 | Queue | Scout Cavalry |
| 10:41 | Queue | Villager (Male) |
| 10:49 | Queue | Villager (Male) |
| 11:04 | Build | Archery Range |
| 11:19 | Queue | Villager (Male) |
| 11:24 | Build | Palisade Wall |
| 11:25 | Build | Palisade Wall |
| 11:30 | Build | Palisade Wall |
| 11:31 | Build | Palisade Wall |
| 11:41 | Build | Mining Camp |
| 11:41 | Queue | Villager (Male) |
| 11:53 | Build | Palisade Wall |
| 12:00 | Build | Palisade Wall |
| 12:06 | Queue | Archer |
| 12:17 | Build | Farm |
| 12:17 | Build | Farm |
| 12:18 | Build | Farm |
| 12:19 | Build | Farm |
| 12:20 | Build | Farm |
| 12:24 | Build | House |
| 12:24 | Queue | Villager (Male) |
| 12:34 | Build | Mining Camp |
| 12:47 | Build | Farm |
| 12:48 | Build | Farm |
| 13:11 | Build | Farm |
| 13:13 | Queue | Villager (Male) |
| 13:23 | Queue | Skirmisher |
| 13:25 | Queue | Villager (Male) |
| 13:28 | Build | House |
| 13:43 | Queue | Skirmisher |
| 13:45 | Queue | Villager (Male) |
| 13:50 | Build | House |
| 14:01 | Queue | Skirmisher |
| 14:19 | Queue | Skirmisher |
| 14:22 | Queue | Villager (Male) |
| 14:28 | Queue | Skirmisher |
| 14:35 | Queue | Skirmisher |
| 14:44 | Build | Watch Tower |
| 15:05 | Queue | Villager (Male) |
| 15:19 | Build | Palisade Wall |
| 15:21 | Build | Palisade Wall |
| 15:21 | Build | Palisade Wall |
| 15:25 | Queue | Skirmisher |
| 15:34 | Queue | Villager (Male) |
| 15:39 | Queue | Villager (Male) |
| 15:52 | Build | House |
| 16:06 | Queue | Archer |
| 16:10 | Queue | Villager (Male) |
| 16:17 | Research | Gold Mining |
| 16:17 | Research | Gold Mining |
| 16:19 | Build | House |
| 16:27 | Build | Farm |
| 16:42 | Build | House |
| 16:45 | Build | House |
| 16:58 | Queue | Villager (Male) |
| 17:08 | Build | Palisade Wall |
| 17:23 | Queue | Villager (Male) |
| 17:24 | Queue | Archer |
| 17:32 | Build | Lumber Camp |
| 17:36 | Build | Palisade Wall |
| 17:52 | Build | Farm |
| 18:03 | Queue | Villager (Male) |
| 18:21 | Build | Farm |
| 18:24 | Queue | Skirmisher |
| 18:26 | Queue | Archer |
| 18:36 | Build | Farm |
| 18:44 | Build | Farm |
| 18:49 | Queue | Archer |
| 18:51 | Queue | Villager (Male) |
| 19:08 | Queue | Skirmisher |
| 19:10 | Queue | Archer |
| 19:13 | Queue | Archer |
| 19:20 | Build | Farm |
| 19:35 | Queue | Villager (Male) |
| 19:42 | Build | Palisade Wall |
| 19:47 | Queue | Villager (Male) |
| 19:51 | Build | Blacksmith |
| 20:03 | Build | Palisade Wall |
| 20:11 | Build | House |
| 20:18 | Build | Farm |
| 20:19 | Build | Farm |
| 20:25 | Queue | Archer |
| 20:50 | Research | Castle Age |
| 20:53 | Queue | Archer |
| 20:57 | Build | Farm |
| 20:59 | Queue | Archer |
| 21:00 | Queue | Villager (Male) |
| 21:03 | Build | House |
| 21:09 | Build | House |
| 21:10 | Build | House |
| 21:11 | Build | Palisade Wall |
Match timeline
| 4:35 | lame dog · first_building Barracks |
| 5:33 | lame dog · wall_segment Palisade Wall x4 |
| 7:12 | 多么痛的领悟 · wall_segment Palisade Wall x1 |
| 7:14 | 多么痛的领悟 · wall_segment Palisade Wall x1 |
| 7:15 | 多么痛的领悟 · wall_segment Palisade Wall x1 |
| 7:16 | 多么痛的领悟 · wall_segment Palisade Wall x1 |
| 7:18 | 多么痛的领悟 · wall_segment Palisade Wall x1 |
| 7:20 | 多么痛的领悟 · wall_segment Palisade Wall x1 |
| 8:10 | 多么痛的领悟 · first_building Barracks |
| 8:52 | 多么痛的领悟 · age_up feudal |
| 9:26 | 多么痛的领悟 · first_building Stable |
| 9:53 | lame dog · wall_segment Palisade Wall x1 |
| 9:53 | lame dog · wall_segment Palisade Wall x1 |
| 10:41 | lame dog · age_up feudal |
| 10:49 | lame dog · first_building Archery Range |
| 11:04 | 多么痛的领悟 · first_building Archery Range |
| 11:17 | lame dog · wall_segment Palisade Wall x4 |
| 11:24 | 多么痛的领悟 · wall_segment Palisade Wall x1 |
| 11:25 | 多么痛的领悟 · wall_segment Palisade Wall x1 |
| 11:30 | 多么痛的领悟 · wall_segment Palisade Wall x1 |
| 11:30 | lame dog · wall_segment Palisade Wall x3 |
| 11:31 | 多么痛的领悟 · wall_segment Palisade Wall x1 |
| 11:53 | 多么痛的领悟 · wall_segment Palisade Wall x1 |
| 12:00 | 多么痛的领悟 · wall_segment Palisade Wall x1 |
| 12:31 | lame dog · wall_segment Palisade Wall x13 |
| 13:14 | lame dog · wall_segment Palisade Wall x10 |
| 15:19 | 多么痛的领悟 · wall_segment Palisade Wall x1 |
| 15:21 | 多么痛的领悟 · wall_segment Palisade Wall x1 |
| 15:21 | 多么痛的领悟 · wall_segment Palisade Wall x1 |
| 15:38 | lame dog · wall_segment Palisade Wall x1 |
| 17:08 | 多么痛的领悟 · wall_segment Palisade Wall x1 |
| 17:36 | 多么痛的领悟 · wall_segment Palisade Wall x6 |
| 18:12 | lame dog · wall_segment Palisade Wall x1 |
| 19:42 | 多么痛的领悟 · wall_segment Palisade Wall x9 |
| 19:49 | lame dog · wall_segment Palisade Wall x1 |
| 20:03 | 多么痛的领悟 · wall_segment Palisade Wall x2 |
| 20:43 | lame dog · age_up castle |
| 21:11 | 多么痛的领悟 · wall_segment Palisade Wall x1 |
| 21:32 | 多么痛的领悟 · resign |
[ AI ANALYSIS · 1 CREDIT ]
What really happened in this match?
Wolo.gg analyzes every decision: build order, eco, micro, common mistakes by bracket. Personalized analysis on WhatsApp or Discord in 30 seconds.
Civ guide
Aztecs
Perfil
Jugador #24924483